 Dungeon Crawl Stone Soup version 0.20.1-1-g8b1a95d (webtiles) character file.

513 Kingsmith the Skirmisher (level 7, -2/48 HPs)
             Began as a Kobold Berserker on Dec 11, 2017.
             Was a Believer of Trog.
             Slain by a worker ant (4 damage)
             ... on level 3 of the Dungeon.
             The game lasted 00:06:12 (3858 turns).

Kingsmith the Skirmisher (Kobold Berserker)         Turns: 3858, Time: 00:06:14

Health: -2/48      AC:  4    Str: 14    XL:     7   Next: 43%
Magic:  7/7        EV: 15    Int:  9    God:    Trog [**....]
Gold:   201        SH:  0    Dex: 16    Spells: 6/6 levels left

rFire    . . .     SeeInvis .   w - +2 quarterstaff (chaos)
rCold    . . .     Gourm    .   (shield currently unavailable)
rNeg     . . .     Faith    .   b - +0 animal skin
rPois    .         Spirit   .   (no helmet)
rElec    .         Reflect  .   z - +0 cloak
rCorr    .         Harm     .   (no gloves)
MR       .....                  i - +0 pair of boots
Stlth    +.........             (no amulet)
Regen    0.2/turn               (no ring)
MPRegen  0.1/turn               (no ring)

@: berserk cooldown, slowed, very slow
A: carnivore 3
a: Berserk, Trog's Hand, Burn Spellbooks, Renounce Religion


You were on level 3 of the Dungeon.
You worshipped Trog.
Trog was pleased with you.
You were full.

You visited 1 branch of the dungeon, and saw 6 of its levels.

You collected 201 gold pieces.

Inventory:

Hand Weapons
 a - a +0 trident
 w - a +2 quarterstaff of chaos (weapon)
Armour
 b - a +0 animal skin (worn)
 i - a +0 pair of boots (worn)
 z - a +0 cloak (worn)
Jewellery
 h - an uncursed amulet of regeneration {unknown}
 n - an uncursed amulet of rage {unknown}
Wands
 x - a wand of flame (15/48)
Scrolls
 f - 2 scrolls of recharging {unknown}
 j - 3 scrolls of teleportation {unknown}
 k - 2 scrolls of noise {unknown}
 o - 2 scrolls of remove curse {unknown}
 p - a scroll of amnesia {unknown}
 q - a scroll of magic mapping {unknown}
 r - 2 scrolls of identify {unknown}
 s - a scroll of enchant armour {unknown}
 u - a scroll of blinking {unknown}
 y - a scroll of enchant weapon {unknown}
Potions
 e - 5 potions of curing {unknown}
 g - a potion of might {unknown}
 l - 2 potions of flight {unknown}
 m - a potion of resistance {unknown}
 t - a potion of lignification {unknown}
 v - a potion of brilliance {unknown}
Comestibles
 c - 2 meat rations
 d - 3 royal jellies


   Skills:
 + Level 7.5 Fighting
 - Level 4.1 Polearms
 - Level 1.5 Armour
 - Level 2.4 Dodging


You had 6 spell levels left.
You didn't know any spells.

Dungeon Overview and Level Annotations

Branches:
Dungeon (6/15)
 Temple: D:4-7

Altars:
Gozag
Uskayaw

Annotations:
D:4 Menkaure, Pikel


Innate Abilities, Weirdness & Mutations

You are small and have problems with some larger weapons.
You are carnivorous and can eat meat at any time.


Message History

The goblin closely misses you. The goblin hits you with a club.
* * * LOW HITPOINT WARNING * * *
The goblin completely misses you. The goblin hits you but does no damage.
The jackal bites you but does no damage.
The goblin misses you. The worker ant barely misses you.
Unknown command.
Unknown command.
You sock the jackal!
You kill the jackal!
Trog accepts your kill.
The goblin no longer looks unusually strong.
The goblin misses you. The goblin barely misses you. The goblin misses you.
The worker ant misses you. The goblin hits you.
* * * LOW HITPOINT WARNING * * *
The goblin barely misses you. The goblin misses you.
The goblin hits you with a club.
* * * LOW HITPOINT WARNING * * *
The goblin hits you but does no damage. The goblin misses you.
The worker ant bites you.
You die...

# ##........##.###...#.##########
# #.........###...#.##..........#
# #..##.##..# #####.###########.#
# #..##.##..# #.# #.#
###..##.##..# ##'# ###
.##.........# ##..# .##..##.###.#
##...##♣♣♣♣♣ .##.........#
##g†...#..♣.♣♣♣####
.##.###.....###g@a.......♣..♣#...
..............'ggg......♣♣♣♣.'...
.##.##.#....###......#.♣♣ ♣♣#..)
.##.##.##.#.# ##....##♣♣ ####
.##.........# ##...#
.#####.###### ##..# .# #.# ##'#
####### ## #.# #.# #.#.##. # #.#
#.# #.#....


You could see a worker ant and 5 goblins.

Vanquished Creatures
  The ghost of Kingsmith the Covert, a novice FeBe of Trog (D:5)
  The ghost of AdmiralAndromeda the Vandal, an amateur HaHu (D:3)
  Crazy Yiuf (D:3)
  A hound (D:3)
  An orc priest (D:3)
  Robin (D:4)
  A gnoll (D:1)
  5 adders
  An ooze (D:2)
  2 worms
  2 dart slugs (D:1)
  4 leopard geckos
  2 orcs (D:3)
  A ball python (D:3)
  4 giant cockroaches
  8 goblins
  7 hobgoblins
  A jackal (D:3)
  8 bats
  7 frilled lizards
  A jackal skeleton (D:6)
  5 kobolds
  8 rats
73 creatures vanquished.

Vanquished Creatures (others)
  6 toadstools (D:4)
6 creatures vanquished.

Grand Total: 79 creatures vanquished

Notes
Turn   | Place    | Note
-------+----------+-------------------------------------------
     0 | D:1      | Kingsmith the Kobold Berserker began the quest for the Orb.
     0 | D:1      | Reached XP level 1. HP: 14/14 MP: 1/1
   454 | D:1      | Reached XP level 2. HP: 19/19 MP: 2/2
   751 | D:1      | Reached XP level 3. HP: 17/23 MP: 3/3
  1184 | D:1      | Reached ** piety under Trog
  1467 | D:2      | Reached XP level 4. HP: 28/28 MP: 4/4
  2113 | D:3      | Noticed AdmiralAndromeda's ghost (amateur HaHu)
  2155 | D:3      | Killed AdmiralAndromeda's ghost
  2155 | D:3      | Reached skill level 4 in Fighting
  2155 | D:3      | Reached XP level 5. HP: 34/34 MP: 5/5
  2215 | D:3      | Reached skill level 5 in Fighting
  2218 | D:3      | Reached XP level 6. HP: 18/40 MP: 6/6
  2738 | D:3      | Found a runed door.
  3077 | D:3      | You fall through a shaft for 3 floors!
  3084 | D:6      | Found an opulent altar of Gozag.
  3112 | D:5      | Entered Level 5 of the Dungeon
  3197 | D:5      | Noticed Kingsmith's ghost (novice FeBe)
  3210 | D:5      | Killed Kingsmith's ghost
  3210 | D:5      | Reached *** piety under Trog
  3210 | D:5      | Reached skill level 7 in Fighting
  3210 | D:5      | Reached XP level 7. HP: 32/48 MP: 7/7
  3391 | D:5      | Found a hide-covered altar of Uskayaw.
  3391 | D:5      | Noticed a hand axe
  3392 | D:5      | Noticed an enchanted dagger
  3660 | D:3      | Noticed Crazy Yiuf
  3669 | D:3      | Killed Crazy Yiuf
  3837 | D:4      | Noticed Robin
  3841 | D:4      | Noticed Menkaure
  3845 | D:4      | Noticed Pikel
  3850 | D:4      | Killed Robin
  3858 | D:3      | HP: 2/48 [goblin/club[Robin] (1)]
  3858 | D:3      | Slain by a worker ant

Skill      XL: |  1  2  3  4  5  6 |
---------------+-------------------+-----
Polearms       | 3 4 |  4.1
Fighting       | 4 5 7 |  7.5
Armour         | |  1.5
Dodging        | |  2.4

Action                   |  1- 3 |  4- 6 |  7- 9 || total
-------------------------+-------+-------+-------++-------
Melee: Spear             |   131 |   133 |       ||   264
       Trident           |       |    23 |    11 ||    34
       Quarterstaff      |       |       |    18 ||    18
Invok: Berserk           |     2 |     4 |     2 ||     8
 Stab: Sleeping          |     2 |     3 |       ||     5
  Eat: Chunk             |    12 |     9 |     2 ||    23
Armor: Animal skin       |    19 |    17 |    19 ||    55
Dodge: Dodged            |    88 |    82 |    99 ||   269
